 Dungeon Crawl Stone Soup version 0.31-a0-691-g409c26aa35 (webtiles) character file.

Game seed: 9537359215070138961

58 iamoutofideas the Chopper (level 4, 38/38 HPs)
             Began as a Hill Orc Reaver on Sept 7, 2023.
             Quit the game on level 1 of the Dungeon.
             The game lasted 00:01:12 (1483 turns).

iamoutofideas the Chopper (Hill Orc Reaver)         Turns: 1483, Time: 00:01:13

Health: 38/38      AC:  3    Str: 16    XL:     4   Next: 1%
Magic:  7/7        EV: 11    Int: 13    God:
Gold:   52         SH:  0    Dex:  9    Spells: 6/7 levels left

rFire   . . .        a - +0 hand axe
rCold   . . .        (no shield)
rNeg    . . .        b - +0 leather armour
rPois   .            (no helmet)
rElec   .            (no cloak)
rCorr   .            (no gloves)
SInv    .            (no boots)
Will    .....        (no amulet)
Stlth   +            (no ring)
HPRegen 0.26/turn    (no ring)
MPRegen 0.10/turn

%: no passive effects
@: no status effects
A: no striking features
a: no special abilities


You were on level 1 of the Dungeon.
You visited 1 branch of the dungeon, and saw 2 of its levels.

You collected 52 gold pieces.

Inventory:

Hand Weapons
 a - a +0 hand axe (weapon)
Armour
 b - a +0 leather armour (worn)
Jewellery
 e - a ring of wizardry
 h - an amulet of regeneration
Scrolls
 c - a scroll of revelation {unknown}
 d - 3 scrolls of teleportation {unknown}
 f - 4 scrolls of identify {unknown}
 g - a scroll of amnesia {unknown}
Potions
 i - a potion of invisibility {unknown}


   Skills:
 + Level 3.1 Fighting
 + Level 4.5 Axes
 + Level 2.0 Dodging
 + Level 2.0 Spellcasting
 + Level 3.3 Conjurations


You had 6 spell levels left.
You knew the following spells:

 Your Spells              Type           Power      Damage    Failure   Level
a - Kiss of Death         Conj/Necr      20%        2d7       16%         1

Your spell library contained the following spells:

 Spells                   Type           Power      Damage    Failure   Level
 Momentum Strike          Conj/Tloc      10%        3d8       24%         2
 Hailstorm                Conj/Ice       5%         3d4       43%         3


Dungeon Overview and Level Annotations

Branches:
Dungeon (2/15)

Altars:

Shops:
D:2 [


Message History

A quokka is nearby!
A quokka is nearby!
A quokka is nearby!
The quokka misses you. x2
A quokka is nearby!
You hit the quokka.
The quokka is almost dead.
The quokka bites you.
A quokka is nearby!
You hit the quokka but do no damage.
The quokka is almost dead.
The quokka closely misses you.
A quokka is nearby!
You hit the quokka.
You kill the quokka!
You have reached level 4!
A rat comes into view.
A rat is nearby!
The rat barely misses you.
You hit the rat.
You kill the rat!
Done exploring.
Done exploring.
No target in view!
Done exploring.
No target in view!
Done exploring.
No target in view!
Done exploring.
No target in view!
Done exploring.
No target in view!
Done exploring.
There is a stone staircase leading up here.
You climb upwards.
There is a stone staircase leading down here.
Saving game... please wait.
Welcome back, iamoutofideas the Hill Orc Reaver.
Press ? for a list of commands and other information.
Are you sure you want to abandon this character and quit the game? (Confirm with "yes".)

...)...........#
...............#
.###...........#
.#.....#.......#
.......#.#+#+###
.......#.#.#.#
...........#.#
...........#.#####
................@#
...........#...#.#
...........###.#.#
...........# #.#.#
...........# #.#.#
..P..P.....# #.#.#
.≈≈≈≈≈≈....# #.#.#
≈..........# #.#.#
...........###.#.#


There were no monsters in sight!

Vanquished Creatures
  An adder (D:2)
  4 worms (D:2)
  2 dart slugs
  2 ball pythons
  2 endoplasms
  A giant cockroach (D:1)
  4 hobgoblins (D:1)
  A kobold (D:2)
  A quokka (D:2)
  3 bats
  A frilled lizard (D:1)
  7 goblins (D:1)
  2 rats
31 creatures vanquished.

Notes
Turn   | Place    | Note
-------+----------+-------------------------------------------
     0 | D:1      | iamoutofideas the Hill Orc Reaver began the quest for the
                  | Orb.
     0 | D:1      | Reached XP level 1. HP: 18/18 MP: 3/3
   217 | D:1      | Reached XP level 2. HP: 10/25 MP: 4/4
   287 | D:1      | Found a faded altar of an unknown god.
   651 | D:1      | Reached XP level 3. HP: 26/30 MP: 5/5
   774 | D:1      | You fall into a shaft and drop 1 floor!
  1296 | D:2      | Found Renabria's Antique Armour Shop.
  1368 | D:2      | Reached XP level 4. HP: 37/38 MP: 7/7
  1483 | D:1      | Quit the game

Illustrated notes

Levels and vault maps discovered:
D:1:      orjb1_lava_funnel, layout_basic, ebering_ecumenical_altar_hall
D:2:      layout_loops_ring, serial_shops,
          nicolae_shop_temple_entry_statues_fountains

Skill      XL: |  1  2  3 |
---------------+----------+-----
Fighting       | 3 |  3.1
Dodging        | 2 |  2.0
Spellcasting   | 2 |  2.0
Axes           | |  4.5
Conjurations   | |  3.3

Action                     |  1- 3 |  4- 6 || total
---------------------------+-------+-------++-------
  Melee: Hand axe          |    96 |     1 ||    97
 Armour: Leather armour    |    60 |       ||    60
  Dodge: Dodged            |    55 |     1 ||    56

Table legend: (Time is in decaauts)
 A = Elapsed time spent in this place.
 B = Non-inter-level travel time spent in this place.
 C = Inter-level travel time spent in this place.
 D = Time resting spent in this place.
 E = Time spent auto-exploring this place.
 F = Levels seen in this place.
 G = Mean time per level.
                   A        B        C        D        E       F      G
               +--------+--------+--------+--------+--------+-----+--------+
         Total |   1491 |   1475 |     16 |     97 |   1170 |   2 |  745.5 |
       Dungeon |   1491 |   1475 |     16 |     97 |   1170 |   2 |  745.5 |
               +--------+--------+--------+--------+--------+-----+--------+

Top non-repeatable levels by time:
     D:1: 780 daAuts
     D:2: 710 daAuts
